 Dungeon Crawl Stone Soup version 0.24-a0-613-g1ff6aac338 (webtiles) character file.

Game seed: 10318820345864966893, levelgen mode: deterministic

97 Jorund the Chopper (level 4, -7/34 HPs)
             Began as a Demonspawn Gladiator on Sept 12, 2019.
             Was an Initiate of Okawaru.
             Mangled by an orc
             ... wielding a +0 flail
              (8 damage)
             ... on level 3 of the Dungeon.
             The game lasted 00:02:34 (1247 turns).

Jorund the Chopper (Demonspawn Gladiator)           Turns: 1247, Time: 00:02:34

Health: -7/34      AC:  3    Str: 14    XL:     4   Next: 42%
Magic:  4/4        EV: 12    Int: 11    God:    Okawaru [......]
Gold:   64         SH:  0    Dex: 14    Spells: 3/3 levels left

rFire    . . .     SeeInvis .   a - +0 war axe
rCold    . . .     Gourm    .   (no shield)
rNeg     . . .     Faith    .   b - +0 leather armour
rPois    .         Spirit   .   (helmet restricted)
rElec    .         Reflect  .   (no cloak)
rCorr    .         Harm     .   (no gloves)
MR       .....                  (no boots)
Stlth    +.........             (no amulet)
HPRegen  0.11/turn              (no ring)
MPRegen  0.09/turn              (no ring)

@: no status effects
A: antennae 2
a: Renounce Religion


You were on level 3 of the Dungeon.
You worshipped Okawaru.
Okawaru was noncommittal.
You were not hungry.

You visited 1 branch of the dungeon, and saw 3 of its levels.

You collected 64 gold pieces.

Inventory:

Hand Weapons
 a - a +0 war axe (weapon)
 g - a +3 hunting sling
Missiles
 d - a throwing net
 j - 3 javelins (quivered)
Armour
 b - a +0 leather armour (worn)
 c - a +0 helmet
Jewellery
 e - an uncursed ring of flight
Potions
 h - a potion of curing {unknown}
Comestibles
 f - 5 rations
 k - a chunk of flesh


   Skills:
 + Level 2.7 Fighting
 + Level 3.9 Axes
 + Level 2.1 Throwing
 + Level 1.3 Armour
 - Level 2.6 Dodging


You had 3 spell levels left.
You didn't know any spells.
Your spell library was empty.

Dungeon Overview and Level Annotations

Branches:
Dungeon (3/15)

Altars:
Okawaru


Innate Abilities, Weirdness & Mutations

You have a pair of antennae on your head.


Message History

You climb downwards.
Found a hand axe.
There is a stone staircase leading up here.
You barely miss the orc.
The orc is moderately wounded.
You hit the orc. The orc misses you. The orc hits you with a +0 flail!
* * * LOW HITPOINT WARNING * * *
The orc barely misses you.
Unknown command.
You closely miss the orc.
The orc is almost dead.
You slash the orc!
You kill the orc!
Okawaru accepts your kill. The orc misses you.
Unknown command.
You barely miss the orc.
The orc is almost dead.
The orc hits you with a +0 flail!
You die...

.. .
#. #
##.
.#
...
##.#
#)#
...
#o#.#
#@#
###


You could see an orc.

Vanquished Creatures
  6 adders (D:2)
  An ooze (D:2)
  2 worms (D:2)
  A dart slug (D:2)
  2 leopard geckos
  An orc (D:3)
  6 bats
  A giant cockroach (D:2)
  5 goblins
  3 hobgoblins
  A frilled lizard (D:1)
  2 kobolds (D:2)
  2 rats
33 creatures vanquished.

Notes
Turn   | Place    | Note
-------+----------+-------------------------------------------
     0 | D:1      | Jorund the Demonspawn Gladiator began the quest for the
                  | Orb.
     0 | D:1      | Reached XP level 1. HP: 16/16 MP: 1/1
   145 | D:1      | Gained mutation: You have a pair of small antennae on your
                  | head. [demonic ancestry]
   145 | D:1      | Reached XP level 2. HP: 22/23 MP: 2/2
   294 | D:1      | Reached skill level 3 in Axes
   399 | D:2      | Gained mutation: You have a pair of antennae on your head.
                  | [demonic ancestry]
   399 | D:2      | Reached XP level 3. HP: 16/28 MP: 3/3
   742 | D:2      | Found an iron altar of Okawaru.
  1061 | D:2      | Became a worshipper of Warmaster Okawaru
  1121 | D:2      | Reached skill level 1 in Armour
  1152 | D:2      | Reached XP level 4. HP: 14/34 MP: 4/4
  1245 | D:3      | HP: 1/34 [orc/+0 flail (10)]
  1247 | D:3      | Mangled by an orc

Levels and vault maps discovered:
D:1:      minmay_arrival_solitary_statue, layout_rooms
D:2:      layout_rooms, gammafunk_temple_overflow_statue, first_ration,
          okawaru_gym_becter
D:3:      cheibrodos_greedy_goblins, layout_loops_cross, minitemple,
          serial_forest, infiniplex_forest_corner_1,
          infiniplex_forest_lined_3_way, infiniplex_forest_lined_1,
          infiniplex_forest_clump_tiny, infiniplex_forest_clump_long,
          infiniplex_forest_clump_long, uniq_sigmund

Skill      XL: |  1  2  3 |
---------------+----------+-----
Axes           | 3 |  3.9
Throwing       | 2 |  2.1
Armour         | 1 |  1.3
Fighting       | |  2.7
Dodging        | |  2.6

Action                   |  1- 3 |  4- 6 || total
-------------------------+-------+-------++-------
Melee: War axe           |    71 |    18 ||    89
Throw: Throwing net      |     3 |     1 ||     4
       Javelin           |       |     6 ||     6
  Use: Scroll            |     1 |     1 ||     2
  Eat: Chunk             |     1 |       ||     1
Armor: Leather armour    |    18 |     3 ||    21
Dodge: Dodged            |    57 |    17 ||    74

Table legend:
 A = Non-vault XP
 B = Vault XP
 C = Vault XP percentage of total XP
 D = Non-vault monster count
 E = Vault monster count
 F = Vault count percentage of total count
                 A         B        C        D         E       F
            +---------+---------+-------+---------+---------+-------
      Total |     139 |       0 |   0.0 |      33 |       0 |   0.0
            +---------+---------+-------+---------+---------+-------
        D:1 |      18 |       0 |   0.0 |      11 |       0 |   0.0
        D:2 |     118 |       0 |   0.0 |      21 |       0 |   0.0
        D:3 |       3 |       0 |   0.0 |       1 |       0 |   0.0
            +---------+---------+-------+---------+---------+-------
